 Dungeon Crawl Stone Soup version 0.31-a0-202-g547052bce9 (webtiles) character file.

Game seed: 5310662338770691109

149 lunkers the Cutter (level 5, -1/38 HPs)
             Began as a Meteoran Wanderer on June 26, 2023.
             Was an Initiate of Trog.
             Slain by a gnoll
             ... wielding a +0 flail
             ... led by a gnoll bouda
              (5 damage)
             ... on level 4 of the Dungeon.
             The game lasted 00:02:40 (1372 turns).

lunkers the Cutter (Meteoran Wanderer)              Turns: 1372, Time: 00:02:40

Health: -1/38      AC:  5    Str: 14    XL:     5   Next: 88%
Magic:  8/8        EV: 11    Int: 15    God:    Trog [......]
Gold:   103        SH:  0    Dex: 13    Spells: 6/6 levels left

rFire   . . .        a - +0 rapier
rCold   . . .        (no shield)
rNeg    . . .        i - +0 troll leather armour
rPois   .            (no helmet)
rElec   .            h - +0 cloak
rCorr   .            (no gloves)
SInv    .            (no boots)
Will    .....        f - amulet of magic regeneration
Stlth   +            (no ring)
HPRegen 1.06/turn    (no ring)
MPRegen 0.51/turn

%: no passive effects
@: weakened, glowing
A: sense surroundings 1, otherworldly, glowing, explore regen
a: Renounce Religion


You were on level 4 of the Dungeon.
You worshipped Trog.
Trog was noncommittal.
You visited 1 branch of the dungeon, and saw 4 of its levels.

You collected 103 gold pieces.

Inventory:

Hand Weapons
 a - a +0 rapier (weapon)
Armour
 d - a +0 leather armour
 h - a +0 cloak (worn)
 i - a +0 troll leather armour (worn)
Jewellery
 f - an amulet of magic regeneration (around neck)
 j - an amulet of guardian spirit
 m - a +4 ring of slaying
 p - a ring of positive energy
Scrolls
 c - 2 scrolls of blinking
 g - a scroll of vulnerability {unknown}
 k - a scroll of teleportation {unknown}
 l - a scroll of identify {unknown}
Potions
 n - a potion of enlightenment {unknown}
 o - 2 potions of haste {unknown}
Miscellaneous
 b - a piece from Xom's chessboard (15/15)


   Skills:
 + Level 7.1 Short Blades
 - Level 1.3 Spellcasting
 - Level 2.4 Hexes
 - Level 3.6 Evocations


You had 6 spell levels left.
You didn't know any spells.
Your spell library contained the following spells:

 Spells                   Type           Power      Damage    Failure   Level
 Slow                     Hex            32%        N/A       11%         1
 Tukima's Dance           Hex            8%         N/A       32%         3


Dungeon Overview and Level Annotations

Branches:
Dungeon (4/15) Zot: 1045
 Temple: D:4-7

Altars:
Trog


Innate Abilities, Weirdness & Mutations

You passively map a small area around you.
You are easily found by Zot.
You glow in the dark.
You regain HP and MP as you explore.


Message History

There are monsters nearby!
A gnoll comes into view. It is wielding a +0 flail.
The gnoll shouts!
The gnoll bouda gazes fiercely through you!
You feel your attacks grow feeble. The hound bites you.
The gnoll hits you with a +0 whip!
The gnoll hits you from afar with a +0 halberd!
* * * LOW HITPOINT WARNING * * *
Aiming: Charm
Press: ? - help, Shift-Dir - straight line, f - hound
Aim: a hound (chance to affect: 67%)
The hound is charmed.
The now-empty wand crumbles to dust.
The gnoll hits you from afar with a +0 halberd.
* * * LOW HITPOINT WARNING * * *
The gnoll bouda hits your hound with a +1 flail of draining.
The gnoll bouda drains your hound.
A howler monkey comes into view.
You hit the gnoll.
The gnoll is moderately wounded.
The gnoll hits you with a +0 whip.
* * * LOW HITPOINT WARNING * * *
Your hound bites the gnoll bouda but does no damage.
The gnoll hits you from afar with a +0 halberd!
* * * LOW HITPOINT WARNING * * *
The gnoll bouda gazes fiercely through you!
You feel as though you will be weak longer.
The gnoll bouda hits your hound with a +1 flail of draining.
The gnoll bouda drains your hound.
Your hound dies!
The gnoll closely misses you. The gnoll attacks as you move away!
The gnoll barely misses you. The gnoll attacks as you move away!
The gnoll barely misses you. x2
The gnoll hits you from afar with a +0 halberd!
* * * LOW HITPOINT WARNING * * *
The gnoll attacks as you move away! The gnoll barely misses you.
The gnoll bouda gazes fiercely through you!
You feel as though you will be weak longer.
You hear an angry growl.
The gnoll attacks as you move away! The gnoll hits you with a +0 flail.
You die...

##.....#......# #.
##..##..##.##..# #
#.......#...##.####
#...##......##.##.#
###.................
##...................
*
#.....#..............
*
#....##..............
,
#...@##..............
*
##..g###.............
##..## ###...........
#..gg# ........#.## *
.......g†..# ,
.....##.#*
.......h....... * * *
............... , .
.........h.#..# * * .
, .##........#..# *
** ,


You could see a gnoll bouda, a howler monkey and 2 gnolls.

Vanquished Creatures
  A jelly (D:4)
  A hound (D:4)
  3 adders
  A worm (D:2)
  6 dart slugs
  3 orcs (D:3)
  2 endoplasms (D:1)
  3 hobgoblins
  7 jackals (D:2)
  4 kobolds
  2 quokkas
  5 ball pythons
  2 bats
  3 frilled lizards
  2 rats (D:3)
45 creatures vanquished.

Vanquished Creatures (others)
  A hound (D:4)
1 creature vanquished.

Grand Total: 46 creatures vanquished

Notes
Turn   | Place    | Note
-------+----------+-------------------------------------------
     0 | D:1      | lunkers the Meteoran Wanderer began the quest for the Orb.
     0 | D:1      | lunkers set off with the following items: a +0 rapier, a
                  | piece from Xom's chessboard (15/15), a scroll of blinking,
                  | a +0 leather armour; and the following spell memorised:
                  | Slow; and the following spells available to memorise:
                  | Tukima's Dance.
     0 | D:1      | Reached XP level 1. HP: 14/14 MP: 3/3
   129 | D:1      | Reached XP level 2. HP: 17/20 MP: 5/5
   177 | D:1      | Reached skill level 5 in Short Blades
   328 | D:1      | Reached XP level 3. HP: 15/26 MP: 6/6
   473 | D:2      | Reached XP level 4. HP: 25/33 MP: 7/7
   512 | D:2      | Found a bloodstained altar of Trog.
   519 | D:2      | Became a worshipper of Trog the Wrathful
   626 | D:2      | Reached skill level 6 in Short Blades
  1191 | D:4      | Reached XP level 5. HP: 30/38 MP: 8/8
  1246 | D:4      | Reached skill level 7 in Short Blades
  1372 | D:4      | Slain by a gnoll

Illustrated notes

Levels and vault maps discovered:
D:1:      dpeg_arrival_erosion, layout_loops_ring
D:2:      layout_basic, basic_altar,
          hellmonk_ecumenical_altar_pennies_from_heaven
D:3:      layout_loops_ring, grunt_decor_resistance
D:4:      layout_cave_pools

Skill      XL: |  1  2  3  4  5 |
---------------+----------------+-----
Short Blades   | 5 6 7 |  7.1
Spellcasting   | |  1.3
Hexes          | |  2.4
Evocations     | |  3.6

Action                     |  1- 3 |  4- 6 || total
---------------------------+-------+-------++-------
  Melee: Rapier            |    71 |   115 ||   186
         Punch             |       |     3 ||     3
  Evoke: Wand              |       |     1 ||     1
    Use: Scroll            |       |     3 ||     3
 Armour: Leather armour    |    24 |    27 ||    51
         Troll leather arm |       |    12 ||    12
  Dodge: Dodged            |    35 |    65 ||   100

Table legend: (Time is in decaauts)
 A = Elapsed time spent in this place.
 B = Non-inter-level travel time spent in this place.
 C = Inter-level travel time spent in this place.
 D = Time resting spent in this place.
 E = Time spent auto-exploring this place.
 F = Levels seen in this place.
 G = Mean time per level.
                   A        B        C        D        E       F      G
               +--------+--------+--------+--------+--------+-----+--------+
         Total |   1354 |   1322 |     32 |      0 |    935 |   4 |  338.5 |
       Dungeon |   1354 |   1322 |     32 |      0 |    935 |   4 |  338.5 |
               +--------+--------+--------+--------+--------+-----+--------+

Top non-repeatable levels by time:
     D:3: 500 daAuts
     D:1: 351 daAuts
     D:2: 320 daAuts
     D:4: 182 daAuts
